Demolitions vs Thunder
Created - 18 janvier 2016 at 19:09
Goals
|
| Demolitions |
2 |
1 |
1 |
4 |
| Thunder |
1 |
0 |
0 |
1 |
|
Shots
|
| Demolitions |
14 |
6 |
8 |
28 |
| Thunder |
13 |
10 |
11 |
34 |
|
1st period
1. Demolitions , Bobby Butler 20 (Anthony Stewart, Darren Helm) at 5:50
2. Demolitions , Josh Beaulieu 6 (Konstantin Pushkarev, Ryan Craig) at 13:05
3. Thunder , Adam Hall 28 (Tom Pyatt, Dany Roussin) at 19:23 (PP)
Penalties :
Brett Festerling (TRO) for Slashing (Minor) at 13:50, Taylor Aronson (Vic) for Hooking (Minor) at 18:09
2nd period
4. Demolitions , Nicolas Blanchard 8 (Spencer Machacek) at 16:41
Penalties :
Spencer Machacek (Vic) for Interference (Minor) at 6:32, Joey Ryan (TRO) for Goalie Interference (Minor) at 10:49
3rd period
5. Demolitions , Robert Klinkhammer 6 (Nicolas Blanchard, Spencer Machacek) at 5:50
Penalties :
Josh Beaulieu (Vic) for Tripping (Minor) at 2:25, Anssi Salmela (Vic) for High sticking (Minor) at 7:14, Casey Pierro-Zabotel (TRO) for Hooking (Minor) at 12:05
Goalie Stats
Brent Krahn (Vic), 33 saves from 34 shots - (0,971), W, 20-12-2, 60:00 minutes
Corey Crawford (TRO), 24 saves from 28 shots - (0,857), L, 14-14-3, 60:00 minutes
Players Stats for Demolitions
Player Name G A P +/- PIM S H SB GA TA FO MP PP MP PK MP
------------------------------------------------------------------------------------
Alex Hutchings 0 0 0 0 0 0 1 0 0 0 0/0 1:13 0:00 1:13
Anssi Salmela 0 0 0 0 2 1 0 0 1 2 0/0 17:04 2:31 2:16
Anthony Stewart 0 1 1 1 0 3 0 0 0 0 0/0 18:31 2:23 1:58
Anton Babchuk 0 0 0 0 0 0 2 3 1 1 0/0 25:39 3:26 4:25
Bobby Butler 1 0 1 1 0 1 1 0 0 0 0/0 16:33 2:23 0:00
Brad Richardson 0 0 0 0 0 4 3 0 0 0 3/9 20:59 3:34 4:06
Chris Wideman 0 0 0 4 0 0 0 1 0 1 0/0 10:24 0:00 0:30
Corban Knight 0 0 0 1 0 1 2 0 0 0 3/6 9:32 0:00 0:06
Darren Helm 0 1 1 1 0 0 1 0 1 1 3/5 16:33 2:23 0:00
Doug Janik 0 0 0 0 0 2 2 1 1 0 0/0 25:39 3:26 4:25
Josh Beaulieu 1 0 1 1 2 4 1 0 0 1 1/2 9:45 0:00 0:40
Konstantin Pushkarev 0 1 1 1 0 4 0 0 1 0 0/0 8:57 0:00 0:00
Masi Marjamaki 0 0 0 0 0 0 0 0 0 0 0/0 0:21 0:00 0:21
Nick Pryor 0 0 0 0 0 0 0 0 0 0 0/0 6:53 0:00 0:00
Nicolas Blanchard 1 1 2 2 0 1 0 0 0 0 1/2 9:57 0:00 0:00
Nigel Dawes 0 0 0 0 0 1 0 0 0 1 1/2 18:50 3:34 1:58
Robert Bortuzzo 0 0 0 4 0 1 1 1 0 0 0/0 9:53 0:00 0:00
Robert Klinkhammer 1 0 1 2 0 1 3 0 0 1 0/0 9:57 0:00 0:00
Ryan Craig 0 1 1 0 0 3 3 1 1 0 10/27 21:22 3:34 4:00
Scott Glennie 0 0 0 0 0 0 0 0 0 0 0/0 0:00 0:00 0:00
Seth Helgeson 0 0 0 0 0 0 3 1 0 1 0/0 17:35 2:31 2:46
Spencer Machacek 0 2 2 2 2 0 2 0 0 0 1/1 10:16 0:00 0:00
Taylor Aronson 0 0 0 0 2 1 0 0 0 0 0/0 6:52 0:00 0:00
Tom Kuhnhackl 0 0 0 0 0 0 0 0 0 0 0/0 0:00 0:00 0:00
Vince Rocco 0 0 0 0 0 0 0 0 0 0 0/0 0:00 0:00 0:00
Players Stats for Thunder
Player Name G A P +/- PIM S H SB GA TA FO MP PP MP PK MP
------------------------------------------------------------------------------------
Adam Hall 1 0 1 0 0 7 2 0 1 0 4/6 21:21 4:12 2:57
Bobby Farnham 0 0 0 0 0 0 0 0 0 0 0/0 0:25 0:15 0:00
Brandon Mashinter 0 0 0 -3 0 4 0 1 0 0 7/10 16:48 2:44 0:00
Brett Festerling 0 0 0 -2 2 0 0 0 0 0 0/0 11:44 0:45 0:00
Casey Pierro-Zabotel 0 0 0 0 2 0 0 1 1 0 0/0 11:14 0:00 0:00
Colby Cohen 0 0 0 -1 0 0 0 0 0 0 0/0 5:31 0:00 0:00
Dalton Smith 0 0 0 -1 0 0 0 0 0 0 0/1 7:36 0:00 0:25
Dany Roussin 0 1 1 0 0 3 2 1 0 2 1/1 20:36 4:12 2:13
Daultan Leveillé 0 0 0 0 0 3 1 0 2 0 4/7 12:39 0:00 1:24
David Fischer 0 0 0 -1 0 0 1 2 1 0 0/0 17:45 2:43 3:03
Derek Forbort 0 0 0 0 0 0 0 0 0 0 0/0 0:58 0:00 0:22
Dmitri Orlov 0 0 0 -1 0 0 0 0 0 0 0/0 5:44 0:08 0:00
Jannik Hansen 0 0 0 -1 0 2 1 1 0 0 0/0 7:35 0:15 0:00
Jesse Blacker 0 0 0 0 0 0 0 0 0 0 0/0 0:46 0:41 0:00
Joey Ryan 0 0 0 -1 2 1 1 1 0 1 0/0 16:05 2:43 1:59
Keith Yandle 0 0 0 0 0 4 0 3 1 0 0/0 24:53 3:41 2:54
Kelly Zajac 0 0 0 -1 0 2 0 0 0 0 0/1 7:10 0:00 0:00
Mat Clark 0 0 0 -2 0 0 0 0 0 0 0/0 10:59 0:00 0:00
Matt Generous 0 0 0 0 0 0 0 2 1 0 0/0 24:53 3:41 2:54
Matt Martin 0 0 0 -3 0 0 3 1 0 0 1/1 17:58 2:44 1:10
Pierre-Alexandre Parente 0 0 0 -3 0 4 3 2 1 0 0/2 19:59 2:44 3:10
Robin Leblanc 0 0 0 0 0 2 2 0 0 0 0/0 11:40 0:15 0:00
Taylor Doherty 0 0 0 0 0 0 0 0 0 0 0/0 0:42 0:00 0:42
Tom Pyatt 0 1 1 0 0 2 1 0 1 3 14/25 18:59 4:12 0:35
3 Stars
1 - Brent Krahn (Vic)
2 - Nicolas Blanchard (Vic)
3 - Robert Klinkhammer (Vic)
Power Play
Demolitions - 0 on 3 Attempt(s) - 0,00%
Thunder - 1 on 4 Attempt(s) - 25,00%
Penalty Kill
Demolitions - 3 on 4 Attempt(s) - 75,00%
- Score 0 goal in Penalty Kill
Thunder - 3 on 3 Attempt(s) - 100,00%
- Score 0 goal in Penalty Kill
Team Stat
Demolitions - Hits : 25 - Faceoff Wins : 23 - Blocked Shots : 8 - Penalty Minutes : 8
Thunder - Hits : 17 - Faceoff Wins : 31 - Blocked Shots : 15 - Penalty Minutes : 6
Official
Referees : McCauley Wes and Martell Rob
Linesman : Tony Sericolo and Bryan Pancich
Game Notes
No Game Note
Finance
Level 1 -- Attendance: 1327 (66,35%) -- Ticket Income 46 445 $
Level 2 -- Attendance: 790 (79,00%) -- Ticket Income 11 850 $
Total Attendance: 2117 (70,57%)
Total Ticket Income: 58 295 $
Other Income: 2 915 $
Total Income: 61 210 $
Demolitions
5 vs 5 Forward
Center Left Wing Right Wing Time % Phy DF OF
1 Ryan Craig Nigel Dawes Brad Richardson 40 1 2 2
2 Darren Helm Bobby Butler Anthony Stewart 30 1 2 2
3 Nicolas Blanchard Robert Klinkhammer Spencer Machacek 20 1 2 2
4 Corban Knight Josh Beaulieu Konstantin Pushkarev 10 1 2 2
5 vs 5 Defense
Defense Defense Time % Phy DF OF
1 Doug Janik Anton Babchuk 40 1 2 2
2 Anssi Salmela Seth Helgeson 30 1 2 2
3 Robert Bortuzzo Chris Wideman 20 1 2 2
4 Taylor Aronson Nick Pryor 10 1 2 2
PowerPlay Forward
Center Left Wing Right Wing Time % Phy DF OF
1 Ryan Craig Nigel Dawes Brad Richardson 60 1 2 2
2 Darren Helm Bobby Butler Anthony Stewart 40 1 2 2
PowerPlay Defense
Defense Defense Time % Phy DF OF
1 Doug Janik Anton Babchuk 60 1 2 2
2 Anssi Salmela Seth Helgeson 40 1 2 2
Penalty Kill 4 Players Forward
Center Wing Time % Phy DF OF
1 Brad Richardson Ryan Craig 60 1 2 2
2 Anthony Stewart Nigel Dawes 40 1 2 2
Penalty Kill 4 Players Defense
Defense Defense Time % Phy DF OF
1 Doug Janik Anton Babchuk 60 1 2 2
2 Anssi Salmela Seth Helgeson 40 1 2 2
Penalty Kill - 3 Players Forward
Forward Time % Phy DF OF
1 Brad Richardson 60 1 2 2
2 Ryan Craig 40 1 2 2
Penalty Kill - 3 Players Defense
Defense Defense Time % Phy DF OF
1 Doug Janik Anton Babchuk 60 1 2 2
2 Anssi Salmela Seth Helgeson 40 1 2 2
4 vs 4 Forward
Center Wing Time % Phy DF OF
1 Brad Richardson Ryan Craig 60 1 2 2
2 Anthony Stewart Nigel Dawes 40 1 2 2
4 vs 4 Defense
Defense Defense Time % Phy DF OF
1 Doug Janik Anton Babchuk 60 1 2 2
2 Anssi Salmela Seth Helgeson 40 1 2 2
Last Minutes Offensive
Center Left Wing Right Wing Defense Defense
Ryan Craig Nigel Dawes Brad Richardson Doug Janik Anton Babchuk
Last Minutes Defensive
Center Left Wing Right Wing Defense Defense
Ryan Craig Nigel Dawes Brad Richardson Doug Janik Anton Babchuk
Goaltenders
Starting : Brent Krahn
Backup : Jeff Frazee
Extra Forwards
Normal : Masi Marjamaki, Vince Rocco, Alex Hutchings - PP : Masi Marjamaki, Vince Rocco - PK : Alex Hutchings
Extra Defensemen
Normal : Robert Bortuzzo, Chris Wideman, Taylor Aronson - PP : Robert Bortuzzo - PK : Chris Wideman, Taylor Aronson
Penalty Shots
Brad Richardson, Ryan Craig, Anthony Stewart, Nigel Dawes, Bobby Butler
Thunder
5 vs 5 Forward
Center Left Wing Right Wing Time % Phy DF OF
1 Tom Pyatt Dany Roussin Adam Hall 40 1 2 2
2 Brandon Mashinter Matt Martin Pierre-Alexandre Parentea30 1 2 2
3 Daultan Leveillé Casey Pierro-Zabotel Robin Leblanc 20 1 2 2
4 Kelly Zajac Dalton Smith Jannik Hansen 10 1 2 2
5 vs 5 Defense
Defense Defense Time % Phy DF OF
1 Keith Yandle Matt Generous 40 1 2 2
2 Joey Ryan David Fischer 30 1 2 2
3 Brett Festerling Mat Clark 20 1 2 2
4 Colby Cohen Dmitri Orlov 10 1 2 2
PowerPlay Forward
Center Left Wing Right Wing Time % Phy DF OF
1 Tom Pyatt Dany Roussin Adam Hall 60 1 2 2
2 Brandon Mashinter Matt Martin Pierre-Alexandre Parentea40 1 2 2
PowerPlay Defense
Defense Defense Time % Phy DF OF
1 Keith Yandle Matt Generous 60 1 2 2
2 Joey Ryan David Fischer 40 1 2 2
Penalty Kill 4 Players Forward
Center Wing Time % Phy DF OF
1 Adam Hall Pierre-Alexandre Parentea60 1 2 2
2 Dany Roussin Matt Martin 40 1 2 2
Penalty Kill 4 Players Defense
Defense Defense Time % Phy DF OF
1 Keith Yandle Matt Generous 60 1 2 2
2 Joey Ryan David Fischer 40 1 2 2
Penalty Kill - 3 Players Forward
Forward Time % Phy DF OF
1 Adam Hall 60 1 2 2
2 Pierre-Alexandre Parentea 40 1 2 2
Penalty Kill - 3 Players Defense
Defense Defense Time % Phy DF OF
1 Keith Yandle Matt Generous 60 1 2 2
2 Joey Ryan David Fischer 40 1 2 2
4 vs 4 Forward
Center Wing Time % Phy DF OF
1 Adam Hall Pierre-Alexandre Parentea60 1 2 2
2 Dany Roussin Matt Martin 40 1 2 2
4 vs 4 Defense
Defense Defense Time % Phy DF OF
1 Keith Yandle Matt Generous 60 1 2 2
2 Joey Ryan David Fischer 40 1 2 2
Last Minutes Offensive
Center Left Wing Right Wing Defense Defense
Tom Pyatt Dany Roussin Adam Hall Keith Yandle Matt Generous
Last Minutes Defensive
Center Left Wing Right Wing Defense Defense
Tom Pyatt Dany Roussin Adam Hall Keith Yandle Matt Generous
Goaltenders
Starting : Corey Crawford
Backup : Barry Brust
Extra Forwards
Normal : Bobby Farnham, Robin Leblanc, Daultan Leveillé - PP : Bobby Farnham, Robin Leblanc - PK : Daultan Leveillé
Extra Defensemen
Normal : Jesse Blacker, Taylor Doherty, Derek Forbort - PP : Jesse Blacker - PK : Taylor Doherty, Derek Forbort
Penalty Shots
Adam Hall, Pierre-Alexandre Parenteau, Dany Roussin, Matt Martin, Tom Pyatt
% Time on Ice - Demolitions
Lines # - Real PCT - Wanted PCT - Time Play
Normal Forward
1 - 29% - 40% - 13:48
2 - 30% - 30% - 14:10
3 - 21% - 20% - 9:57
4 - 19% - 10% - 8:57
Normal Defense
1 - 38% - 40% - 17:48
2 - 26% - 30% - 12:18
3 - 21% - 20% - 9:53
4 - 15% - 10% - 6:53
PP Forward
1 - 60% - 60% - 3:34
2 - 40% - 40% - 2:23
PP Defense
1 - 58% - 60% - 3:26
2 - 42% - 40% - 2:31
PK Forward
1 - 73% - 60% - 5:13
2 - 27% - 40% - 1:58
PK Defense
1 - 61% - 60% - 4:25
2 - 39% - 40% - 2:46
PK3 Forward
1 - 0% - 60%
2 - 0% - 40%
PK3 Defense
1 - 0% - 60%
2 - 0% - 40%
44 Forward
1 - 0% - 60%
2 - 0% - 40%
44 Defense
1 - 0% - 60%
2 - 0% - 40%
Last Minute Offensive - 0:00
Last Minute Defensive - 0:00
Total
Forward - 60:00
Defense - 60:00
|
% Time on Ice - Thunder
Lines # - Real PCT - Wanted PCT - Time Play
Normal Forward
1 - 31% - 40% - 14:23
2 - 30% - 30% - 14:04
3 - 24% - 20% - 11:15
4 - 15% - 10% - 7:10
Normal Defense
1 - 39% - 40% - 18:23
2 - 26% - 30% - 11:59
3 - 23% - 20% - 10:59
4 - 12% - 10% - 5:31
PP Forward
1 - 62% - 60% - 4:27
2 - 38% - 40% - 2:44
PP Defense
1 - 62% - 60% - 4:28
2 - 38% - 40% - 2:43
PK Forward
1 - 80% - 60% - 4:47
2 - 20% - 40% - 1:10
PK Defense
1 - 49% - 60% - 2:54
2 - 51% - 40% - 3:03
PK3 Forward
1 - 0% - 60%
2 - 0% - 40%
PK3 Defense
1 - 0% - 60%
2 - 0% - 40%
44 Forward
1 - 0% - 60%
2 - 0% - 40%
44 Defense
1 - 0% - 60%
2 - 0% - 40%
Last Minute Offensive - 0:00
Last Minute Defensive - 0:00
Total
Forward - 60:00
Defense - 60:00
|
Play by Play
1st period
0:01 of 1st period - Tom Pyatt wins face-off versus Ryan Craig in neutral zone.
0:12 of 1st period - Snap shot by Dany Roussin.
0:12 of 1st period - Stopped by Brent Krahn with a rebound.
0:26 of 1st period - Wrist shot by Anthony Stewart.
0:26 of 1st period - Stopped by Corey Crawford with a rebound.
0:34 of 1st period - Bobby Butler is hit by Matt Martin and loses puck.
0:52 of 1st period - Snap shot by Jannik Hansen.
0:52 of 1st period - Shot Misses the Net.
0:54 of 1st period - Slapshot by Joey Ryan.
0:54 of 1st period - Stopped by Brent Krahn with a rebound.
0:56 of 1st period - Wrist shot by Kelly Zajac.
0:56 of 1st period - Stopped by Brent Krahn without a rebound.
0:57 of 1st period - Corban Knight wins face-off versus Daultan Leveillé in Demolitions zone.
1:04 of 1st period - Wrist shot by Josh Beaulieu.
1:04 of 1st period - Stopped by Corey Crawford with a rebound.
1:06 of 1st period - Slapshot by Robert Bortuzzo.
1:06 of 1st period - Stopped by Corey Crawford without a rebound.
1:07 of 1st period - Daultan Leveillé wins face-off versus Corban Knight in Thunder zone.
1:18 of 1st period - Snap shot by Josh Beaulieu.
1:18 of 1st period - Deflect By Corban Knight.
1:18 of 1st period - Stopped by Corey Crawford without a rebound.
1:19 of 1st period - Dany Roussin wins face-off versus Nigel Dawes in Thunder zone.
1:55 of 1st period - Robert Klinkhammer is hit by Pierre-Alexandre Parenteau and loses puck.
2:43 of 1st period - Snap shot by Konstantin Pushkarev.
2:43 of 1st period - Stopped by Corey Crawford without a rebound.
2:44 of 1st period - Ryan Craig wins face-off versus Tom Pyatt in Thunder zone.
3:15 of 1st period - Backhand shot by Anthony Stewart.
3:15 of 1st period - Shot Misses the Net.
3:17 of 1st period - Wrist shot by Anthony Stewart.
3:17 of 1st period - Shot Misses the Net.
3:39 of 1st period - Wrist shot by Konstantin Pushkarev.
3:39 of 1st period - Stopped by Corey Crawford with a rebound.
3:41 of 1st period - Wrist shot by Josh Beaulieu.
3:41 of 1st period - Shot Blocked by Jannik Hansen.
4:19 of 1st period - Matt Generous is hit by Seth Helgeson and loses puck.
4:33 of 1st period - Snap shot by Pierre-Alexandre Parenteau.
4:33 of 1st period - Deflect By Brandon Mashinter.
4:33 of 1st period - Shot Blocked by Anton Babchuk.
4:33 of 1st period - Puck is out of play.
4:34 of 1st period - Darren Helm wins face-off versus Brandon Mashinter in Demolitions zone.
4:55 of 1st period - Wrist shot by Darren Helm.
4:55 of 1st period - Shot Blocked by Joey Ryan.
5:01 of 1st period - Chris Wideman is hit by Pierre-Alexandre Parenteau and loses puck.
5:18 of 1st period - Brandon Mashinter is hit by Robert Bortuzzo.
5:32 of 1st period - Slapshot by Brandon Mashinter.
5:32 of 1st period - Stopped by Brent Krahn with a rebound.
5:48 of 1st period - Snap shot by Anthony Stewart.
5:48 of 1st period - Stopped by Corey Crawford with a rebound.
5:50 of 1st period - Snap shot by Bobby Butler.
5:50 of 1st period - Goal by Bobby Butler - Demolitions : 1 - Thunder : 0.
5:51 of 1st period - Tom Pyatt wins face-off versus Ryan Craig in neutral zone.
6:04 of 1st period - Wrist shot by Adam Hall.
6:04 of 1st period - Stopped by Brent Krahn with a rebound.
6:41 of 1st period - Doug Janik is hit by Jannik Hansen and loses puck.
7:46 of 1st period - Slapshot by Ryan Craig.
7:46 of 1st period - Shot Blocked by Dany Roussin.
8:26 of 1st period - Joey Ryan is hit by Corban Knight and loses puck.
9:27 of 1st period - Snap shot by Konstantin Pushkarev.
9:27 of 1st period - Shot Blocked by Pierre-Alexandre Parenteau.
9:52 of 1st period - Slapshot by Jannik Hansen.
9:52 of 1st period - Deflect By Kelly Zajac.
9:52 of 1st period - Stopped by Brent Krahn with a rebound.
10:32 of 1st period - Off-side.
10:33 of 1st period - Darren Helm wins face-off versus Daultan Leveillé in neutral zone.
10:37 of 1st period - Off-side.
10:38 of 1st period - Daultan Leveillé wins face-off versus Ryan Craig in neutral zone.
10:52 of 1st period - Slapshot by Ryan Craig.
10:52 of 1st period - Stopped by Corey Crawford with a rebound.
10:54 of 1st period - Snap shot by Brad Richardson.
10:54 of 1st period - Shot Misses the Net.
11:10 of 1st period - Joey Ryan is hit by Bobby Butler.
11:14 of 1st period - Wrist shot by Bobby Butler.
11:14 of 1st period - Shot Misses the Net.
11:25 of 1st period - Off-side.
11:26 of 1st period - Corban Knight wins face-off versus Pierre-Alexandre Parenteau in neutral zone.
11:31 of 1st period - Slapshot by Konstantin Pushkarev.
11:31 of 1st period - Shot Hit the Post.
11:33 of 1st period - Wrist shot by Josh Beaulieu.
11:33 of 1st period - Stopped by Corey Crawford without a rebound.
11:34 of 1st period - Matt Martin wins face-off versus Brad Richardson in Thunder zone.
11:41 of 1st period - Snap shot by Pierre-Alexandre Parenteau.
11:41 of 1st period - Deflect By Brandon Mashinter.
11:41 of 1st period - Stopped by Brent Krahn with a rebound.
12:31 of 1st period - Snap shot by Robin Leblanc.
12:31 of 1st period - Shot Hit the Post.
12:33 of 1st period - Wrist shot by Casey Pierro-Zabotel.
12:33 of 1st period - Shot Misses the Net.
12:53 of 1st period - Snap shot by Kelly Zajac.
12:53 of 1st period - Deflect By Jannik Hansen.
12:53 of 1st period - Stopped by Brent Krahn with a rebound.
13:05 of 1st period - Snap shot by Josh Beaulieu.
13:05 of 1st period - Goal by Josh Beaulieu - Demolitions : 2 - Thunder : 0.
13:06 of 1st period - Ryan Craig wins face-off versus Tom Pyatt in neutral zone.
13:50 of 1st period - Minor Penalty to Brett Festerling for Slashing.
13:51 of 1st period - Adam Hall wins face-off versus Brad Richardson in Thunder zone.
15:37 of 1st period - David Fischer is hit by Brad Richardson and loses puck.
15:50 of 1st period - Penalty to Brett Festerling is over, Brett Festerling is back on ice.
16:18 of 1st period - Wrist shot by Josh Beaulieu.
16:18 of 1st period - Stopped by Corey Crawford without a rebound.
16:19 of 1st period - Josh Beaulieu wins face-off versus Brandon Mashinter in Thunder zone.
16:20 of 1st period - Wrist shot by Konstantin Pushkarev.
16:20 of 1st period - Stopped by Corey Crawford with a rebound.
16:22 of 1st period - Slapshot by Doug Janik.
16:22 of 1st period - Stopped by Corey Crawford without a rebound.
16:23 of 1st period - Brandon Mashinter wins face-off versus Nicolas Blanchard in Thunder zone.
16:23 of 1st period - Brandon Mashinter is hit by Robert Klinkhammer.
16:37 of 1st period - Snap shot by Robert Klinkhammer.
16:37 of 1st period - Shot Blocked by Matt Generous.
17:00 of 1st period - Slapshot by Adam Hall.
17:00 of 1st period - Stopped by Brent Krahn with a rebound.
17:56 of 1st period - Wrist shot by Brandon Mashinter.
17:56 of 1st period - Stopped by Brent Krahn with a rebound.
18:09 of 1st period - Minor Penalty to Taylor Aronson for Hooking.
18:10 of 1st period - Tom Pyatt wins face-off versus Brad Richardson in Demolitions zone.
18:29 of 1st period - Icing by Matt Generous.
18:30 of 1st period - Brad Richardson wins face-off versus Tom Pyatt in Thunder zone.
18:45 of 1st period - Snap shot by Keith Yandle.
18:45 of 1st period - Shot Blocked by Ryan Craig.
18:47 of 1st period - Wrist shot by Adam Hall.
18:47 of 1st period - Shot Blocked by Anton Babchuk.
18:49 of 1st period - Backhand shot by Keith Yandle.
18:49 of 1st period - Deflect By Adam Hall.
18:49 of 1st period - Stopped by Brent Krahn with a rebound.
19:21 of 1st period - Snap shot by Tom Pyatt.
19:21 of 1st period - Shot Blocked by Doug Janik.
19:23 of 1st period - Wrist shot by Adam Hall.
19:23 of 1st period - Goal by Adam Hall - Demolitions : 2 - Thunder : 1.
19:24 of 1st period - Brandon Mashinter wins face-off versus Ryan Craig in neutral zone.
19:34 of 1st period - Pierre-Alexandre Parenteau is hit by Seth Helgeson and loses puck.
19:39 of 1st period - Wrist shot by Ryan Craig.
19:39 of 1st period - Shot Misses the Net.
19:56 of 1st period - Wrist shot by Robin Leblanc.
19:56 of 1st period - Stopped by Brent Krahn without a rebound.
19:57 of 1st period - Tom Pyatt wins face-off versus Ryan Craig in Demolitions zone.
Goals for this period are 2 for Demolitions vs 1 for Thunder.
Shots for this period are 14 for Demolitions vs 13 for Thunder.
2nd period
0:01 of 2nd period - Tom Pyatt wins face-off versus Ryan Craig in neutral zone.
0:10 of 2nd period - Ryan Craig is hit by Dany Roussin and loses puck.
0:25 of 2nd period - Bobby Butler is hit by Pierre-Alexandre Parenteau and loses puck.
0:52 of 2nd period - Wrist shot by Robert Klinkhammer.
0:52 of 2nd period - Shot Blocked by Casey Pierro-Zabotel.
0:54 of 2nd period - Slapshot by Anssi Salmela.
0:54 of 2nd period - Stopped by Corey Crawford with a rebound.
1:06 of 2nd period - Snap shot by Daultan Leveillé.
1:06 of 2nd period - Stopped by Brent Krahn without a rebound.
1:07 of 2nd period - Tom Pyatt wins face-off versus Corban Knight in Demolitions zone.
1:10 of 2nd period - Wrist shot by Adam Hall.
1:10 of 2nd period - Stopped by Brent Krahn with a rebound.
1:12 of 2nd period - Wrist shot by Dany Roussin.
1:12 of 2nd period - Deflect By Josh Beaulieu.
1:12 of 2nd period - Stopped by Brent Krahn with a rebound.
1:16 of 2nd period - Snap shot by Tom Pyatt.
1:16 of 2nd period - Shot Misses the Net.
1:18 of 2nd period - Slapshot by Tom Pyatt.
1:18 of 2nd period - Shot Blocked by Robert Bortuzzo.
1:20 of 2nd period - Snap shot by Dany Roussin.
1:20 of 2nd period - Stopped by Brent Krahn without a rebound.
1:21 of 2nd period - Ryan Craig wins face-off versus Tom Pyatt in Demolitions zone.
1:26 of 2nd period - Keith Yandle is hit by Ryan Craig and loses puck.
1:37 of 2nd period - Snap shot by Adam Hall.
1:37 of 2nd period - Deflect By Tom Pyatt.
1:37 of 2nd period - Stopped by Brent Krahn without a rebound.
1:38 of 2nd period - Brandon Mashinter wins face-off versus Darren Helm in Demolitions zone.
1:52 of 2nd period - Icing by Pierre-Alexandre Parenteau.
1:53 of 2nd period - Ryan Craig wins face-off versus Brandon Mashinter in Thunder zone.
1:54 of 2nd period - Snap shot by Brad Richardson.
1:54 of 2nd period - Shot Blocked by Keith Yandle.
1:56 of 2nd period - Wrist shot by Doug Janik.
1:56 of 2nd period - Shot Blocked by Pierre-Alexandre Parenteau.
1:58 of 2nd period - Slapshot by Brad Richardson.
1:58 of 2nd period - Stopped by Corey Crawford without a rebound.
1:59 of 2nd period - Tom Pyatt wins face-off versus Ryan Craig in Thunder zone.
2:06 of 2nd period - Wrist shot by Adam Hall.
2:06 of 2nd period - Shot Misses the Net.
2:55 of 2nd period - Slapshot by Keith Yandle.
2:55 of 2nd period - Stopped by Brent Krahn with a rebound.
2:57 of 2nd period - Snap shot by Daultan Leveillé.
2:57 of 2nd period - Shot Misses the Net.
3:07 of 2nd period - Joey Ryan is hit by Brad Richardson and loses puck.
4:27 of 2nd period - Adam Hall is hit by Ryan Craig and loses puck.
5:10 of 2nd period - Backhand shot by Pierre-Alexandre Parenteau.
5:10 of 2nd period - Stopped by Brent Krahn without a rebound.
5:11 of 2nd period - Brandon Mashinter wins face-off versus Corban Knight in Demolitions zone.
5:12 of 2nd period - Snap shot by Pierre-Alexandre Parenteau.
5:12 of 2nd period - Stopped by Brent Krahn with a rebound.
6:00 of 2nd period - Off-side.
6:01 of 2nd period - Ryan Craig wins face-off versus Tom Pyatt in neutral zone.
6:26 of 2nd period - Joey Ryan is hit by Robert Klinkhammer.
6:29 of 2nd period - Off-side.
6:30 of 2nd period - Spencer Machacek wins face-off versus Daultan Leveillé in neutral zone.
6:32 of 2nd period - Minor Penalty to Spencer Machacek for Interference.
6:33 of 2nd period - Tom Pyatt wins face-off versus Brad Richardson in Demolitions zone.
7:56 of 2nd period - Anton Babchuk is hit by Matt Martin.
8:08 of 2nd period - Keith Yandle is hit by Alex Hutchings and loses puck.
8:32 of 2nd period - Penalty to Spencer Machacek is over, Spencer Machacek is back on ice.
9:49 of 2nd period - Anthony Stewart is hit by Matt Martin and loses puck.
9:57 of 2nd period - Icing by Anthony Stewart.
9:58 of 2nd period - Daultan Leveillé wins face-off versus Josh Beaulieu in Demolitions zone.
10:21 of 2nd period - Darren Helm is hit by Adam Hall and loses puck.
10:42 of 2nd period - Snap shot by Brad Richardson.
10:42 of 2nd period - Shot Misses the Net.
10:44 of 2nd period - Snap shot by Ryan Craig.
10:44 of 2nd period - Shot Misses the Net.
10:46 of 2nd period - Snap shot by Ryan Craig.
10:46 of 2nd period - Stopped by Corey Crawford without a rebound.
10:47 of 2nd period - Tom Pyatt wins face-off versus Ryan Craig in Thunder zone.
10:49 of 2nd period - Minor Penalty to Joey Ryan for Goalie Interference.
10:50 of 2nd period - Ryan Craig wins face-off versus Adam Hall in Thunder zone.
10:57 of 2nd period - Slapshot by Ryan Craig.
10:57 of 2nd period - Stopped by Corey Crawford with a rebound.
11:50 of 2nd period - Adam Hall is hit by Seth Helgeson and loses puck.
12:07 of 2nd period - Bobby Butler is hit by Daultan Leveillé and loses puck.
12:44 of 2nd period - David Fischer is hit by Ryan Craig and loses puck.
12:49 of 2nd period - Penalty to Joey Ryan is over, Joey Ryan is back on ice.
13:31 of 2nd period - Pierre-Alexandre Parenteau is hit by Darren Helm and loses puck.
15:54 of 2nd period - Off-side.
15:55 of 2nd period - Darren Helm wins face-off versus Tom Pyatt in neutral zone.
16:05 of 2nd period - Robert Bortuzzo is hit by Adam Hall and loses puck.
16:20 of 2nd period - Joey Ryan is hit by Brad Richardson and loses puck.
16:41 of 2nd period - Snap shot by Nicolas Blanchard.
16:41 of 2nd period - Goal by Nicolas Blanchard - Demolitions : 3 - Thunder : 1.
16:42 of 2nd period - Ryan Craig wins face-off versus Tom Pyatt in neutral zone.
16:49 of 2nd period - Wrist shot by Adam Hall.
16:49 of 2nd period - Shot Misses the Net.
16:51 of 2nd period - Slapshot by Tom Pyatt.
16:51 of 2nd period - Shot Misses the Net.
16:53 of 2nd period - Snap shot by Tom Pyatt.
16:53 of 2nd period - Shot Misses the Net.
16:55 of 2nd period - Slapshot by Keith Yandle.
16:55 of 2nd period - Deflect By Adam Hall.
16:55 of 2nd period - Shot Misses the Net.
16:55 of 2nd period - Puck is out of play.
16:56 of 2nd period - Ryan Craig wins face-off versus Tom Pyatt in Demolitions zone.
17:09 of 2nd period - Wrist shot by Brad Richardson.
17:09 of 2nd period - Stopped by Corey Crawford with a rebound.
17:23 of 2nd period - Matt Martin is hit by Doug Janik and loses puck.
19:00 of 2nd period - Snap shot by Dany Roussin.
19:00 of 2nd period - Shot Blocked by Chris Wideman.
19:02 of 2nd period - Snap shot by Adam Hall.
19:02 of 2nd period - Deflect By Darren Helm.
19:02 of 2nd period - Shot Misses the Net.
19:02 of 2nd period - Puck is out of play.
19:03 of 2nd period - Brandon Mashinter wins face-off versus Ryan Craig in Demolitions zone.
19:14 of 2nd period - Snap shot by Keith Yandle.
19:14 of 2nd period - Shot Misses the Net.
19:16 of 2nd period - Slapshot by Keith Yandle.
19:16 of 2nd period - Stopped by Brent Krahn without a rebound.
19:17 of 2nd period - Daultan Leveillé wins face-off versus Ryan Craig in Demolitions zone.
19:30 of 2nd period - Slapshot by Keith Yandle.
19:30 of 2nd period - Stopped by Brent Krahn without a rebound.
19:31 of 2nd period - Brandon Mashinter wins face-off versus Ryan Craig in Demolitions zone.
19:38 of 2nd period - Snap shot by Pierre-Alexandre Parenteau.
19:38 of 2nd period - Shot Misses the Net.
Goals for this period are 1 for Demolitions vs 0 for Thunder.
Shots for this period are 6 for Demolitions vs 10 for Thunder.
3rd period
0:01 of 3rd period - Ryan Craig wins face-off versus Tom Pyatt in neutral zone.
0:01 of 3rd period - Brad Richardson is hit by Dany Roussin and loses puck.
0:08 of 3rd period - Snap shot by Ryan Craig.
0:08 of 3rd period - Shot Blocked by Keith Yandle.
0:10 of 3rd period - Slapshot by Doug Janik.
0:10 of 3rd period - Stopped by Corey Crawford with a rebound.
0:12 of 3rd period - Snap shot by Ryan Craig.
0:12 of 3rd period - Shot Misses the Net.
0:14 of 3rd period - Wrist shot by Ryan Craig.
0:14 of 3rd period - Shot Misses the Net.
0:16 of 3rd period - Slapshot by Doug Janik.
0:16 of 3rd period - Shot Misses the Net.
0:26 of 3rd period - Matt Generous is hit by Anton Babchuk and loses puck.
0:49 of 3rd period - Snap shot by Pierre-Alexandre Parenteau.
0:49 of 3rd period - Shot Blocked by Seth Helgeson.
1:32 of 3rd period - Slapshot by Spencer Machacek.
1:32 of 3rd period - Shot Blocked by Keith Yandle.
1:40 of 3rd period - Matt Generous is hit by Robert Klinkhammer and loses puck.
2:18 of 3rd period - Slapshot by Robin Leblanc.
2:18 of 3rd period - Stopped by Brent Krahn with a rebound.
2:25 of 3rd period - Minor Penalty to Josh Beaulieu for Tripping.
2:26 of 3rd period - Brad Richardson wins face-off versus Tom Pyatt in Demolitions zone.
2:26 of 3rd period - Brad Richardson is hit by David Fischer.
4:25 of 3rd period - Penalty to Josh Beaulieu is over, Josh Beaulieu is back on ice.
4:28 of 3rd period - Ryan Craig is hit by Robin Leblanc and loses puck.
4:43 of 3rd period - Snap shot by Kelly Zajac.
4:43 of 3rd period - Shot Misses the Net.
5:31 of 3rd period - Doug Janik is hit by Robin Leblanc and loses puck.
5:48 of 3rd period - Wrist shot by Nicolas Blanchard.
5:48 of 3rd period - Shot Misses the Net.
5:50 of 3rd period - Snap shot by Robert Klinkhammer.
5:50 of 3rd period - Goal by Robert Klinkhammer - Demolitions : 4 - Thunder : 1.
5:51 of 3rd period - Tom Pyatt wins face-off versus Ryan Craig in neutral zone.
6:27 of 3rd period - Wrist shot by Darren Helm.
6:27 of 3rd period - Shot Blocked by David Fischer.
6:37 of 3rd period - Wrist shot by Konstantin Pushkarev.
6:37 of 3rd period - Stopped by Corey Crawford with a rebound.
6:39 of 3rd period - Snap shot by Corban Knight.
6:39 of 3rd period - Shot Blocked by David Fischer.
6:41 of 3rd period - Slapshot by Taylor Aronson.
6:41 of 3rd period - Stopped by Corey Crawford without a rebound.
6:42 of 3rd period - Corban Knight wins face-off versus Tom Pyatt in Thunder zone.
7:14 of 3rd period - Minor Penalty to Anssi Salmela for High sticking.
7:15 of 3rd period - Adam Hall wins face-off versus Brad Richardson in Demolitions zone.
7:45 of 3rd period - Slapshot by Keith Yandle.
7:45 of 3rd period - Stopped by Brent Krahn without a rebound.
7:46 of 3rd period - Brad Richardson wins face-off versus Pierre-Alexandre Parenteau in Demolitions zone.
7:57 of 3rd period - Wrist shot by Pierre-Alexandre Parenteau.
7:57 of 3rd period - Stopped by Brent Krahn without a rebound.
7:58 of 3rd period - Tom Pyatt wins face-off versus Brad Richardson in Demolitions zone.
9:14 of 3rd period - Penalty to Anssi Salmela is over, Anssi Salmela is back on ice.
9:35 of 3rd period - Robin Leblanc is hit by Spencer Machacek and loses puck.
10:35 of 3rd period - Wrist shot by Robin Leblanc.
10:35 of 3rd period - Shot Misses the Net.
10:37 of 3rd period - Slapshot by Daultan Leveillé.
10:37 of 3rd period - Stopped by Brent Krahn with a rebound.
10:55 of 3rd period - Slapshot by Brad Richardson.
10:55 of 3rd period - Stopped by Corey Crawford without a rebound.
10:56 of 3rd period - Tom Pyatt wins face-off versus Ryan Craig in Thunder zone.
11:07 of 3rd period - Snap shot by Tom Pyatt.
11:07 of 3rd period - Stopped by Brent Krahn with a rebound.
11:19 of 3rd period - David Fischer is hit by Spencer Machacek and loses puck.
12:00 of 3rd period - Slapshot by Daultan Leveillé.
12:00 of 3rd period - Shot Misses the Net.
12:05 of 3rd period - Minor Penalty to Casey Pierro-Zabotel for Hooking.
12:06 of 3rd period - Nigel Dawes wins face-off versus Adam Hall in Thunder zone.
12:10 of 3rd period - Backhand shot by Nigel Dawes.
12:10 of 3rd period - Stopped by Corey Crawford with a rebound.
12:18 of 3rd period - Snap shot by Brad Richardson.
12:18 of 3rd period - Deflect By Nigel Dawes.
12:18 of 3rd period - Shot Misses the Net.
12:18 of 3rd period - Puck is out of play.
12:19 of 3rd period - Adam Hall wins face-off versus Ryan Craig in Thunder zone.
12:26 of 3rd period - Wrist shot by Adam Hall.
12:26 of 3rd period - Stopped by Brent Krahn with a rebound.
14:05 of 3rd period - Penalty to Casey Pierro-Zabotel is over, Casey Pierro-Zabotel is back on ice.
14:19 of 3rd period - Snap shot by Robin Leblanc.
14:19 of 3rd period - Deflect By Daultan Leveillé.
14:19 of 3rd period - Stopped by Brent Krahn without a rebound.
14:20 of 3rd period - Nicolas Blanchard wins face-off versus Dalton Smith in Demolitions zone.
14:46 of 3rd period - Casey Pierro-Zabotel is hit by Corban Knight and loses puck.
14:54 of 3rd period - Off-side.
14:55 of 3rd period - Tom Pyatt wins face-off versus Ryan Craig in neutral zone.
15:22 of 3rd period - Icing by Darren Helm.
15:23 of 3rd period - Brandon Mashinter wins face-off versus Darren Helm in Demolitions zone.
15:24 of 3rd period - Slapshot by Pierre-Alexandre Parenteau.
15:24 of 3rd period - Shot Blocked by Anton Babchuk.
15:57 of 3rd period - Snap shot by Anthony Stewart.
15:57 of 3rd period - Shot Misses the Net.
16:09 of 3rd period - Snap shot by Anthony Stewart.
16:09 of 3rd period - Shot Blocked by Brandon Mashinter.
16:11 of 3rd period - Slapshot by Anthony Stewart.
16:11 of 3rd period - Shot Misses the Net.
16:31 of 3rd period - Backhand shot by Anthony Stewart.
16:31 of 3rd period - Stopped by Corey Crawford with a rebound.
16:33 of 3rd period - Snap shot by Anthony Stewart.
16:33 of 3rd period - Shot Blocked by Matt Martin.
16:35 of 3rd period - Slapshot by Doug Janik.
16:35 of 3rd period - Shot Blocked by Matt Generous.
17:01 of 3rd period - Snap shot by Anthony Stewart.
17:01 of 3rd period - Shot Misses the Net.
17:21 of 3rd period - Matt Martin is hit by Anton Babchuk and loses puck.
17:56 of 3rd period - Wrist shot by Pierre-Alexandre Parenteau.
17:56 of 3rd period - Stopped by Brent Krahn with a rebound.
17:58 of 3rd period - Slapshot by Dmitri Orlov.
17:58 of 3rd period - Shot Misses the Net.
18:00 of 3rd period - Wrist shot by Brandon Mashinter.
18:00 of 3rd period - Stopped by Brent Krahn without a rebound.
18:01 of 3rd period - Adam Hall wins face-off versus Ryan Craig in Demolitions zone.
18:06 of 3rd period - Snap shot by Adam Hall.
18:06 of 3rd period - Stopped by Brent Krahn with a rebound.
18:26 of 3rd period - Tom Pyatt is hit by Josh Beaulieu.
18:53 of 3rd period - Wrist shot by Nicolas Blanchard.
18:53 of 3rd period - Shot Misses the Net.
19:17 of 3rd period - Snap shot by Kelly Zajac.
19:17 of 3rd period - Deflect By Jannik Hansen.
19:17 of 3rd period - Stopped by Brent Krahn without a rebound.
19:18 of 3rd period - Ryan Craig wins face-off versus Kelly Zajac in Demolitions zone.
19:18 of 3rd period - Ryan Craig is hit by Joey Ryan.
19:32 of 3rd period - Slapshot by Brad Richardson.
19:32 of 3rd period - Stopped by Corey Crawford without a rebound.
19:33 of 3rd period - Tom Pyatt wins face-off versus Ryan Craig in Thunder zone.
19:33 of 3rd period - Tom Pyatt is hit by Doug Janik.
19:51 of 3rd period - Doug Janik is hit by Tom Pyatt and loses puck.
Goals for this period are 1 for Demolitions vs 0 for Thunder.
Shots for this period are 8 for Demolitions vs 11 for Thunder.
Back to the Top